 Dungeon Crawl Stone Soup version 0.20.0-10-g0535bb4 (webtiles) character file.

942 Zwobot the Cutter (level 7, -3/46 HPs)
             Began as a Demonspawn Chaos Knight on June 4, 2017.
             Slain by Grinder the hell beast (4 damage)
             ... on level 6 of the Dungeon.
             The game lasted 00:13:06 (5060 turns).

Zwobot the Cutter (Demonspawn Chaos Knight)         Turns: 5060, Time: 00:13:10

Health: -3/46      AC:  8    Str: 12    XL:     7   Next: 88%
Magic:  6/6        EV: 10    Int: 20    God:    Xom [....*.]
Gold:   402        SH:  6    Dex: 16    Spells: 4/6 levels left

rFire    . . .     SeeInvis .   a - +0 short sword (chaos)
rCold    + . .     Gourm    .   p - +2 buckler
rNeg     . . .     Faith    .   f - +2 leather armour
rPois    .         Spirit   .   (helmet restricted)
rElec    .         Reflect  .   B - +0 cloak
rCorr    .         Harm     .   E - +0 pair of gloves
MR       ++...                  (no boots)
Stlth    +++.......             (no amulet)
Regen    0.2/turn               y - +6 ring of intelligence
MPRegen  0.1/turn               (no ring)

@: hasted, very quick
A: beak, claws 1, rugged brown scales 1, agile 1, cold resistance 1, frail 2,
low mp 1, magic resistance 2, nightstalker 1, spiny 1, wild magic 1
a: Renounce Religion


You were on level 6 of the Dungeon.
You worshipped Xom.
You were a beloved toy of Xom.
You were hungry.

You visited 1 branch of the dungeon, and saw 6 of its levels.

You collected 402 gold pieces.

Inventory:

Hand Weapons
 a - a +0 short sword of chaos (weapon)
 b - a +0 rapier
 r - a +1 battleaxe of chaos
 z - a +2 trident of venom
Missiles
 u - 80 stones (quivered)
Armour
 d - a +0 buckler
 f - a +2 leather armour (worn)
 j - a +0 scale mail
 n - a +0 chain mail
 p - a +2 buckler (worn)
 B - a +0 cloak (worn)
 E - a +0 pair of gloves (worn)
Jewellery
 y - a +6 ring of intelligence (left hand)
 A - a cursed ring of loudness {unknown}
 F - a cursed amulet of inaccuracy {unknown}
Wands
 o - a wand of digging (16/24)
 t - a wand of confusion (2/48)
 G - a wand of confusion (33/48)
Scrolls
 e - a scroll of remove curse
 g - a scroll of blinking
 h - 2 scrolls of teleportation
 k - 3 scrolls of amnesia
 v - 3 scrolls of immolation
 C - a scroll of recharging
Potions
 i - a potion of berserk rage {unknown}
 m - a potion of magic
 q - a potion of ambrosia
 s - a potion of curing
 w - 2 potions of flight {unknown}
 x - a potion of degeneration
 H - a potion of invisibility {unknown}
Books
 D - a book of Minor Magic

   Spells                             Type                      Level
   a - Magic Dart                     Conjuration                  1
   b - Blink                          Translocation                2
   c - Call Imp                       Summoning                    2
   d - Slow                           Hexes                        2
   e - Conjure Flame                  Conjuration/Fire             3
   f - Mephitic Cloud                 Conjuration/Poison/Air       3
Comestibles
 c - 2 bread rations
 l - a meat ration


   Skills:
 + Level 5.3 Fighting
 * Level 6.9 Short Blades
 - Level 2.3 Armour
 - Level 0.8 Dodging
 + Level 2.4 Stealth
 + Level 1.0 Shields


You had 4 spell levels left.
You knew the following spells:

 Your Spells              Type           Power        Failure   Level  Hunger
a - Blink                 Tloc           N/A          56%         2    ###....


Dungeon Overview and Level Annotations

Branches:
Dungeon (6/15)
 Temple: D:4-7

Altars:
Ashenzari
Elyvilon
Fedhas
Qazlal
Ru
Sif Muna
Trog
Vehumet
Xom

Shops:
D:6 *

Annotations:
D:6 Grinder


Innate Abilities, Weirdness & Mutations

You are partially covered in rugged brown scales. (AC +1, +3% HP)
You are slightly more attuned to the shadows.
You are partially covered in sharp spines.
You have a beak for a mouth.
You have sharp fingernails.
You are agile. (Dex +2)
Your flesh is cold resistant. (rC+)
You are very frail. (-20% HP)
Your magical capacity is low. (-10% MP)
You are highly resistant to hostile enchantments. (MR++)
Your spells are a little harder to cast, but a little more powerful.


Message History

You feel better.
You feel less invigorated.
Evoke which item? (* to show all) (? for menu, Esc to quit)
Aiming: Confuse
Press: ? - help, Shift-Dir - straight line, f - Grinder
Aim: Grinder the hell beast (moderately wounded, confused, chance to defeat MR: 46%) Grinder appears confused.
This wand has 2 charges left.
You hit Grinder. Your peck misses Grinder.
Grinder is heavily wounded. "Go forth and cause havoc, mortal!"
You feel as though your hastened speed will last longer.
You hit Grinder. You freeze Grinder.
Grinder is heavily wounded.
Your leather armour prevents you from hitting Grinder.
You peck Grinder, but do no damage.
Grinder is heavily wounded.
Grinder bites you!
* * * LOW HITPOINT WARNING * * *
Grinder tramples you.
You die...
Xom roars with laughter!

#.+_'.#....#
#.#'#.#....#
#.....#....#
##.#.##....#
#.#<##....#
#.#.#######
#.###
##.#########
#..@.......#
#..2.......#
#..........#
#.......♣..#
#........?.#
...#+####♣∩♣..#
#.#. .##.# . .
♣# .# . #


You could see Grinder the hell beast (confused).

Vanquished Creatures
  Sigmund (D:4)
  3 ogres
  2 phantoms
  A howler monkey (D:4)
  A jelly (D:5)
  A crimson imp (D:5)
  Terence (D:2)
  2 iguanas
  2 worker ants
  3 gnolls (D:1)
  6 adders
  A worm (D:3)
  3 leopard geckos
  19 orcs
  6 bats
  4 giant cockroaches
  3 hobgoblins
  7 jackals (D:4)
  2 quokkas
  A ball python (D:1)
  6 frilled lizards
  7 goblins
  8 kobolds
  A quokka zombie (D:5)
  7 rats
98 creatures vanquished.

Notes
Turn   | Place    | Note
-------+----------+-------------------------------------------
     0 | D:1      | Zwobot the Demonspawn Chaos Knight began the quest for the Orb.
     0 | D:1      | Reached XP level 1. HP: 18/18 MP: 1/1
   191 | D:1      | XOM: potion effect (berserk rage)
   229 | D:1      | XOM: butterfly on damage
   230 | D:1      | Gained mutation: You are slightly more attuned to the shadows. [demonic ancestry]
   230 | D:1      | Reached XP level 2. HP: 19/24 MP: 2/2
   959 | D:1      | XOM: 6-stop teleportation journey
  1212 | D:1      | Reached XP level 3. HP: 27/30 MP: 3/3
  1383 | D:1      | XOM: give mutations
  1383 | D:1      | Gained mutation: You have sharp fingernails. [Xom's grace]
  1383 | D:1      | Gained mutation: You are partially covered in rugged brown scales. (AC +1, +3% HP) [Xom's grace]
  1753 | D:2      | XOM: god gift: 35 gold pieces
  1764 | D:2      | XOM: give mutations
  1764 | D:2      | Gained mutation: Your flesh is cold resistant. (rC+) [Xom's grace]
  1764 | D:2      | Gained mutation: Your muscles are strong. (Str +2) [Xom's grace]
  1766 | D:2      | Noticed Terence
  1780 | D:2      | Killed Terence
  1780 | D:2      | Reached skill level 3 in Short Blades
  1780 | D:2      | Reached XP level 4. HP: 30/39 MP: 4/4
  1846 | D:2      | Found a shattered altar of Ashenzari.
  2062 | D:2      | XOM: cloud trail
  2296 | D:3      | XOM: give mutations
  2296 | D:3      | Gained mutation: Your spells are a little harder to cast, but a little more powerful. [Xom's grace]
  2296 | D:3      | Gained mutation: You are resistant to hostile enchantments. (MR+) [Xom's grace]
  2296 | D:3      | Gained mutation: You are highly resistant to hostile enchantments. (MR++) [Xom's grace]
  2900 | D:3      | Mutation became permanent: You are partially covered in rugged brown scales. (AC +1, +3% HP) [demonic ancestry]
  2900 | D:3      | Gained mutation: You are partially covered in rugged brown scales. (AC +1, +3% HP) [demonic ancestry]
  2900 | D:3      | Reached XP level 5. HP: 24/44 MP: 5/5
  3197 | D:3      | Found a deep blue altar of Sif Muna.
  3270 | D:4      | XOM: scenery: create altars
  3324 | D:4      | XOM: confuse monster(s)
  3424 | D:4      | XOM: divination: magic mapping
  3432 | D:4      | XOM: confuse monster(s)
  3440 | D:4      | Reached skill level 4 in Short Blades
  3465 | D:4      | Found a stormy altar of Qazlal.
  3465 | D:4      | XOM: god gift: runed battleaxe {god gift}
  3494 | D:4      | Noticed an ogre
  3513 | D:4      | XOM: enchant monster (good)
  3530 | D:4      | XOM: confuse monster(s)
  3536 | D:4      | Killed an ogre
  3536 | D:4      | Gained mutation: You are partially covered in sharp spines. [demonic ancestry]
  3536 | D:4      | Reached XP level 6. HP: 37/51 MP: 6/6
  3554 | D:4      | XOM: cast spell 'Metabolic Englaciation'
  3575 | D:4      | XOM: cast spell 'Call Canine Familiar'
  3579 | D:4      | XOM: enchant monster (good)
  3583 | D:4      | Reached skill level 5 in Fighting
  3583 | D:4      | Reached skill level 5 in Short Blades
  3602 | D:4      | XOM: god gift: 52 gold pieces
  3648 | D:4      | Found a bloodstained altar of Trog.
  3649 | D:4      | Found a white marble altar of Elyvilon.
  3653 | D:4      | Found a radiant altar of Vehumet.
  3746 | D:4      | Noticed Sigmund
  3771 | D:4      | Killed Sigmund
  3771 | D:4      | Reached skill level 1 in Stealth
  3771 | D:4      | Reached XP level 7. HP: 33/57 MP: 7/7
  3975 | D:4      | XOM: give mutations
  3975 | D:4      | Gained mutation: You have a beak for a mouth. [Xom's grace]
  3975 | D:4      | Gained mutation: You are agile. (Dex +2) [Xom's grace]
  4001 | D:4      | Found a blossoming altar of Fedhas.
  4208 | D:5      | Entered Level 5 of the Dungeon
  4257 | D:5      | Learned a level 2 spell: Blink
  4309 | D:5      | Reached skill level 6 in Short Blades
  4373 | D:5      | XOM: give mutations
  4373 | D:5      | Gained mutation: You are frail. (-10% HP) [Xom's mischief]
  4373 | D:5      | Gained mutation: Your magical capacity is low. (-10% MP) [Xom's mischief]
  4373 | D:5      | Lost mutation: Your muscles are strong. (Str +2) [Xom's mischief]
  4373 | D:5      | Gained mutation: You are very frail. (-20% HP) [Xom's mischief]
  4465 | D:5      | XOM: 2-stop teleportation journey
  4560 | D:5      | Reached skill level 1 in Shields
  4695 | D:5      | XOM: summons 2 friendly demons
  4782 | D:5      | XOM: scenery: 1 doors close
  4844 | D:5      | XOM: scenery: create altars
  4847 | D:5      | XOM: medium Erth miscast
  4999 | D:6      | Found a sacrificial altar of Ru.
  5030 | D:6      | Found Meihaelad's General Store.
  5031 | D:6      | Noticed Grinder
  5043 | D:6      | Noticed Grinder
  5043 | D:6      | Grinder changed into Grinder the hell beast
  5045 | D:6      | XOM: potion effect (haste)
  5049 | D:6      | XOM: confuse monster(s)
  5050 | D:6      | XOM: harmless Hex miscast
  5057 | D:6      | XOM: potion effect (haste)
  5060 | D:6      | HP: 1/46 [Grinder the hell beast (17)]
  5060 | D:6      | Slain by Grinder the hell beast

Skill      XL: |  1  2  3  4  5  6  7 |
---------------+----------------------+-----
Fighting       | 4 5 |  5.3
Armour         | 2 |  2.3
Short Blades   | 3 4 5 6 |  6.9
Stealth        | 1 2 |  2.4
Shields        | 1 |  1.0
Dodging        | |  0.8

Action                   |  1- 3 |  4- 6 |  7- 9 || total
-------------------------+-------+-------+-------++-------
Melee: Short sword       |    80 |    45 |    15 ||   140
       Rapier            |    33 |    77 |    49 ||   159
       Trident           |       |     2 |       ||     2
       Peck              |       |       |     7 ||     7
Evoke: Wand              |       |       |     6 ||     6
  Use: Potion            |     1 |       |     2 ||     3
       Scroll            |       |    11 |     1 ||    12
 Stab: Paralysed         |     2 |     3 |       ||     5
       Sleeping          |     1 |     2 |    10 ||    13
       Confused          |       |     1 |     2 ||     3
       Distracted        |       |     1 |       ||     1
  Eat: Chunk             |     2 |     6 |     2 ||    10
       Fruit             |     1 |       |     2 ||     3
Armor: Leather armour    |    17 |    20 |    15 ||    52
       Scale mail        |    17 |       |       ||    17
Dodge: Dodged            |    48 |    36 |    22 ||   106
Block: Buckler           |    10 |    23 |     9 ||    42
